 Dungeon Crawl Stone Soup version 0.30-a0-756-gc2185399d4 (webtiles) character file.

Game seed: 3610052791560783022

167339 vineage the Bludgeoner (level 17, -4/114 HPs)
             Began as a Gargoyle Fighter on Feb 9, 2023.
             Was a High Priest of Okawaru.
             Killed by divine providence
             ... invoked by a smoke demon
             ... summoned by a deep elf demonologist
              (9 damage)
             ... on level 3 of the Elven Halls.
             The game lasted 00:49:44 (33263 turns).

vineage the Bludgeoner (Gargoyle Fighter)          Turns: 33263, Time: 00:49:45

Health: -4/114     AC: 48    Str: 36    XL:     17   Next: 92%
Magic:  22/23      EV: 10    Int:  8    God:    Okawaru [*****.]
Gold:   2056       SH: 20    Dex: 15    Spells: 16/16 levels left

rFire   + + .      SeeInvis .    p - +6 morningstar "Reefur" {holy, rElec Str+3 Stlth+}
rCold   . . .      Faith    .    x - +0 kite shield
rNeg    + + +      Spirit   .    U - +1 crystal plate armour {rC+}
rPois   ∞          Reflect  +    z - +0 hat "Rerebiho" {rF++ rN+}
rElec   +          Harm     .    n - +0 cloak {rPois}
rCorr   .          Rampage  .    R - +2 pair of gloves "Ceck" {rPois rF- rN++}
Will    +....                    h - +0 pair of boots {Stlth+} Stlth
                                 Q - amulet "Hoippirch" {Reflect Contam Str+3 Dex+2 SH+5}
HPRegen 0.39/turn                e - ring "Wusao" {Fire rElec Dex-3 Slay+5 Stlth+}
MPRegen 0.18/turn                A - +6 ring of dexterity

@: silenced, heroic, finesse-ful, flying
A: sickness immunity, AC +12, big wings, negative energy resistance 1,
electricity resistance, torment resistance 1, petrification resistance, strong 1
a: Renounce Religion


You were on level 3 of the Elven Halls.
You worshipped Okawaru.
Okawaru was extremely pleased with you.
You visited 5 branches of the dungeon, and saw 26 of its levels.
You also visited: Bailey and Ice Cave.

You collected 3185 gold pieces.
You spent 1129 gold pieces at shops.

Inventory:

Hand Weapons
 p - the +6 morningstar "Reefur" (weapon) {holy, rElec Str+3 Stlth+}
   (You took it off a deep elf sorcerer on level 3 of the Elven Halls)

   Str:       It affects your strength (+3).
   rElec:     It insulates you from electricity.
   Stlth:     It makes you more stealthy.
 J - the +4 flail of Fedhas's Favour {heavy, Will+}
   (You found it on level 9 of the Dungeon)

   Will:      It increases your willpower.
Missiles
 r - 6 throwing nets (quivered)
Armour
 f - a +0 cloak
 h - a +0 pair of boots of stealth (worn)
 n - a +0 cloak of poison resistance (worn)
 x - a +0 kite shield (worn)
 z - the +0 hat "Rerebiho" (worn) {rF++ rN+}
   (Okawaru gifted it to you on level 5 of the Lair of Beasts)

   rF:        It greatly protects you from fire.
   rN:        It protects you from negative energy.
 R - the +2 pair of gloves "Ceck" (worn) {rPois rF- rN++}
   (Okawaru gifted it to you on level 12 of the Dungeon)

   rF:        It makes you vulnerable to fire.
   rPois:     It protects you from poison.
   rN:        It greatly protects you from negative energy.
 U - a +1 crystal plate armour of cold resistance (worn)
Jewellery
 e - the ring "Wusao" (left hand) {Fire rElec Dex-3 Slay+5 Stlth+}
   (You found it on level 1 of the Lair of Beasts)

   [ring of fire]

   It enhances your fire magic.
   Dex:       It affects your dexterity (-3).
   Slay:      It affects your accuracy & damage with ranged weapons and melee
   (+5).
   rF:        It protects you from fire.
   rC:        It makes you vulnerable to cold.
   rElec:     It insulates you from electricity.
   Stlth:     It makes you more stealthy.
 i - a ring of willpower
 A - a +6 ring of dexterity (right hand)
 C - a ring of protection from cold
 N - a +6 ring of strength
 Q - the amulet "Hoippirch" (around neck) {Reflect Contam Str+3 Dex+2 SH+5}
   (You acquired it on level 5 of the Lair of Beasts)

   [amulet of reflection]

   It reflects blocked missile attacks.
   Str:       It affects your strength (+3).
   Dex:       It affects your dexterity (+2).
   Contam:    It causes magical contamination when unequipped.
   SH:        It affects your SH (+5).
 S - a ring of positive energy
Wands
 l - a wand of polymorph (4)
 o - a wand of mindburst (12)
 D - a wand of digging (5)
Scrolls
 b - a scroll of poison
 j - 8 scrolls of teleportation
 k - 3 scrolls of silence
 m - 7 scrolls of magic mapping
 s - 4 scrolls of amnesia
 t - 5 scrolls of enchant weapon
 y - 2 scrolls of fog
 F - 3 scrolls of enchant armour
 G - 5 scrolls of brand weapon
 H - 8 scrolls of identify
Potions
 a - 3 potions of invisibility
 c - 2 potions of cancellation
 d - a potion of brilliance
 u - 3 potions of haste
 v - 6 potions of lignification
 w - 3 potions of ambrosia
 I - 12 potions of curing
 K - 4 potions of flight
 L - 8 potions of attraction
 V - a potion of might
 W - a potion of mutation


   Skills:
 + Level 15.6(20.6) Fighting
 * Level 19.6(24.6) Maces & Flails
 + Level 15.6(20.6) Armour
 + Level 15.5(20.5) Shields
 - Level 9.0 Invocations


You had 16 spell levels left.
You didn't know any spells.
Your spell library contained the following spells:

 Spells                   Type           Power      Damage    Failure   Level
 Apportation              Tloc           0%         N/A       98%         1
 Freeze                   Ice            0%         1d3       98%         1
 Necrotise                Necr           0%         1d4       98%         1
 Lesser Beckoning         Tloc           0%         N/A       99%         2
 Poisonous Vapours        Pois/Air       0%         N/A       99%         2
 Wereblood                Tmut           0%         N/A       99%         2
 Frozen Ramparts          Ice            0%         1d1       100%        3
 Gell's Gravitas          Tloc           0%         N/A       100%        3
 Hailstorm                Conj/Ice       0%         3d3       100%        3
 Mephitic Cloud           Conj/Pois/Air  0%         N/A       100%        3
 Portal Projectile        Hex/Tloc       0%         N/A       100%        3
 Teleport Other           Tloc           0%         N/A       100%        3
 Vampiric Draining        Necr           0%         2d6       100%        3
 Leda's Liquefaction      Hex/Erth       0%         N/A       100%        4
 Agony                    Necr           0%         N/A       100%        5
 Blade Hands              Tmut           0%         N/A       100%        5
 Borgnjor's Vile Clutch   Necr/Erth      0%         N/A       100%        5
 Iron Shot                Conj/Erth      0%         9d1       100%        6
 Summon Small Mammal      Summ           Unusable   N/A       N/A         1
 Cigotuvi's Dreadful Rot  Necr/Pois/Air  Unusable   N/A       N/A         2
 Sublimation of Blood     Necr           Unusable   N/A       N/A         2
 Call Canine Familiar     Summ           Unusable   N/A       N/A         3
 Animate Armour           Summ/Erth      Unusable   N/A       N/A         4
 Animate Dead             Necr           Unusable   N/A       N/A         4
 Death Channel            Necr           Unusable   N/A       N/A         6
 Summon Hydra             Summ           Unusable   N/A       N/A         7

Dungeon Overview and Level Annotations

Branches:
Dungeon (15/15)            Temple (1/1) D:6            Lair (5/5) D:10
 Shoals (0/4) Lair:3        Snake (0/4) Lair:3        Slime (0/5) Lair:4
    Orc (2/2) D:9             Elf (3/3) Orc:2        Vaults (0/5) D:13
 Depths (0/4) D:15         Bailey (visited)           IceCv (visited)

Altars:
Ashenzari
Cheibriados
Dithmenos
Elyvilon
Fedhas
Gozag
Hepliaklqana
Kikubaaqudgha
Makhleb
Nemelex Xobeh
Okawaru
Qazlal
Ru
Sif Muna
Trog
Uskayaw
Vehumet
Wu Jian
Xom
Yredelemnul
Zin
The Shining One

Shops:
D:4 [   D:7 *   D:15 ?   Orc:2 **[(   Elf:1 (   Elf:2 [(=[

Portals:
Abyss: D:5


Innate Abilities, Weirdness & Mutations

You are immune to sickness and miasma.
Your stone body is resilient. (AC +12)
You are immune to poison.
Your large and strong wings let you fly.
You resist negative energy. (rN+)
You are resistant to electric shocks. (rElec)
You are resistant to unholy torment.
You are immune to petrification.
Your muscles are strong. (Str +4, Int/Dex -1)


Message History

The Executioner hits you but does no damage.
The Executioner closely misses you.
The Executioner hits you but does no damage.
The ufetubus closely misses you.
The ufetubus hits you but does no damage.
The deep elf elementalist completely misses you.
The soul eater hits you but does no damage.
The deep elf elementalist attacks as you move away!
You block the deep elf elementalist's attack.
The sun demon attacks as you move away!
The sun demon hits you but does no damage.
You block the Executioner's attack. The Executioner hits you.
* * * LOW HITPOINT WARNING * * *
The Executioner hits you but does no damage. x2
You block the Executioner's attack.
The Executioner hits you but does no damage.
The ufetubus hits you but does no damage. x2
The Executioner hits you but does no damage.
You block the Executioner's attack. x2
The deep elf zephyrmancer casts a spell.
The deep elf zephyrmancer blinks!
The deep elf annihilator casts a spell.
The deep elf annihilator blinks!
The ufetubus hits you but does no damage. x2
The Executioner attacks as you move away!
The Executioner closely misses you. You block the Executioner's attack.
The Executioner hits you but does no damage.
You block the Executioner's attack. The Executioner hits you.
* * * LOW HITPOINT WARNING * * *
The Executioner hits you but does no damage.
The deep elf elementalist mumbles some strange words.
The deep elf elementalist seems to speed up.
The deep elf zephyrmancer gestures wildly while chanting.
The deep elf zephyrmancer blinks!
The deep elf pyromancer casts a spell.
The deep elf pyromancer blinks!
The deep elf demonologist gestures wildly while chanting.
The smoke demon gestures at you. Something smites you!
You die...

.........###'
............#
#........§.e#
.##.....e...4#
.....e.⌠.....##
..............##
......213......#
......2ee3.ee.....#
.3....ee3151@....#
.....e513#......#
.....eee##.....#
.....e..#.#....#
.e..E....####..#
.##)##... #4#
#)####. .# #☼# ## #
#☼#


You could see a Hell Sentinel (summoned, unsilenced), a Tzitzimitl (summoned,
unsilenced), 2 hell beasts, 2 deep elf annihilators, 2 Executioners, 2 deep elf
elementalists, 2 soul eaters, a sun demon (summoned), 3 deep elf demonologists,
a deep elf archer (repels missiles), 2 hellwings, 2 deep elf pyromancers, a deep
elf zephyrmancer (fleeing), a smoke demon (summoned, unsilenced) and 2 ufetubi.

Vanquished Creatures
  Rupert (D:12)
  2 deep elf blademasters (Elf:3)
  2 deep elf master archers (Elf:3)
  3 deep elf sorcerers
  A deep elf demonologist (Elf:1)
  3 deep elf annihilators
  A spark wasp (shapeshifter) (D:15)
  Snorg (Lair:4)
  6 deep elf death magi
  A great orb of eyes (D:15)
  3 rakshasas
  6 hydras
  An ogre mage (D:15)
  Harold (Lair:1)
  7 boulder beetles
  4 centaur warriors
  40 dancing weapons
  8 two-headed ogres
  A two-headed ogre (shapeshifter) (Elf:2)
  4 catoblepae
  A tengu warrior (D:14)
  An orc high priest (Orc:2)
  12 death yaks (Lair:5)
  9 skeletal warriors
  11 deep elf knights
  Pikel (D:9)
  A wizard (D:14)
  23 deep elf zephyrmancers
  7 deep elf archers
  4 orc knights
  3 oklob plants (Lair:5)
  7 ugly things
  A manticore (shapeshifter) (Elf:2)
  31 deep elf pyromancers
  7 orc sorcerers
  3 cyclopes
  17 elephants
  6 manticores
  Maurice (D:11)
  Joseph (D:7)
  A toenail golem (D:5)
  14 cane toads
  4 black mambas
  2 ice statues (IceCv)
  A merfolk siren (Lair:3)
  Maggie (D:7)
  2 gargoyles
  Psyche (D:8)
  A kobold demonologist (D:10)
  An unseen horror (D:12)
  A rime drake (Lair:3)
  An efreet (D:14)
  2 freezing wraiths
  8 komodo dragons
  2 tengu conjurers (D:14)
  7 trolls
  A burning bush (Lair:4)
  A polar bear (Lair:2)
  3 merfolk (Lair:3)
  A meliai (D:9)
  5 blink frogs (Lair:1)
  2 hornets
  11 dream sheep
  14 slime creatures
  2 air elementals
  2 shadows (D:9)
  4 water elementals
  2 fire bats (Lair:1)
  4 wyverns
  The ghost of Leeroy the Slasher, an amateur VSWr (D:5)
  38 yaks
  4 fire elementals
  2 wraiths (D:14)
  3 basilisks
  The ghost of LowRida the Stinger, an amateur NaVM (D:4)
  12 vampire mosquitoes
  Eustachio (D:5)
  A steam dragon (D:9)
  A death yak simulacrum (IceCv)
  A naga (Lair:3)
  4 wargs
  4 acid dragons
  11 water moccasins
  20 orc warriors
  A sky beast (shapeshifter) (D:15)
  A sky beast (D:7)
  An ice beast (D:6)
  A black bear (Lair:4)
  9 ogres
  10 centaurs
  13 wolves
  A phantom (D:6)
  6 kobold brigands
  An earth elemental (Elf:2)
  2 gnoll sergeants
  2 necrophages
  3 scorpions
  9 bullfrogs
  A small abomination (D:5)
  11 wights
  46 killer bees
  2 elephant simulacra (IceCv)
  An electric eel (Lair:4)
  7 howler monkeys
  3 jellies
  13 orc priests
  A gnoll bouda (D:4)
  3 hounds
  Jessica (D:3)
  3 iguanas
  30 orc wizards
  2 wolf simulacra (IceCv)
  18 gnolls
  7 adders
  2 shadow imps (D:5)
  2 white imps
  An ufetubus (D:6)
  3 worms
  4 dart slugs (D:4)
  53 orcs
  3 ball pythons
  10 endoplasms
  5 giant cockroaches
  15 goblins
  5 hobgoblins
  7 jackals
  25 kobolds
  7 quokkas
  5 bats
  2 frilled lizards
  5 rats
811 creatures vanquished.

Vanquished Creatures (others)
  2 orc priests (Orc:2)
  2 orc wizards (Orc:2)
  An orc (Orc:2)
  36 fungi
  61 plants
102 creatures vanquished.

Grand Total: 913 creatures vanquished

Notes
Turn   | Place    | Note
-------+----------+-------------------------------------------
     0 | D:1      | vineage the Gargoyle Fighter began the quest for the Orb.
     0 | D:1      | Reached XP level 1. HP: 14/14 MP: 1/1
   140 | D:1      | Found a faded altar of an unknown god.
   234 | D:1      | Reached XP level 2. HP: 19/19 MP: 2/2
  1000 | D:2      | Reached XP level 3. HP: 16/23 MP: 3/3
  1571 | D:2      | Reached skill level 3 in Maces & Flails
  2140 | D:3      | Reached XP level 4. HP: 28/29 MP: 4/4
  2563 | D:3      | Noticed Jessica
  2575 | D:3      | Killed Jessica
  2803 | D:3      | Reached XP level 5. HP: 33/33 MP: 5/5
  2882 | D:4      | Reached skill level 4 in Maces & Flails
  2945 | D:4      | Reached XP level 6. HP: 38/38 MP: 6/6
  2974 | D:4      | Found a large runed translucent door.
  2974 | D:4      | Found a large runed translucent door.
  2985 | D:4      | Noticed LowRida's ghost (amateur NaVM)
  3439 | D:4      | Found Adaen's Armour Boutique.
  4166 | D:4      | Killed LowRida's ghost
  4167 | D:4      | Reached skill level 5 in Maces & Flails
  4167 | D:4      | Reached XP level 7. HP: 42/44 MP: 7/7
  4210 | D:5      | Entered Level 5 of the Dungeon
  4280 | D:5      | Reached skill level 5 in Fighting
  4280 | D:5      | Reached skill level 5 in Armour
  4646 | D:5      | Noticed a toenail golem
  4647 | D:5      | Noticed Leeroy's ghost (amateur VSWr)
  4649 | D:5      | Found a transporter.
  4655 | D:5      | Noticed Eustachio
  4746 | D:5      | Reached skill level 5 in Shields
  4792 | D:5      | Killed Eustachio
  4924 | D:5      | Reached XP level 8. HP: 49/50 MP: 8/8
  5072 | D:5      | Reached skill level 6 in Maces & Flails
  5312 | D:5      | Found a one-way gate to the infinite horrors of the Abyss.
  5326 | D:5      | Found a transporter.
  5615 | D:5      | Killed Leeroy's ghost
  5654 | D:5      | Killed a toenail golem
  5655 | D:5      | Reached skill level 7 in Maces & Flails
  6081 | D:6      | Reached XP level 9. HP: 56/56 MP: 9/9
  6228 | D:6      | Found a staircase to the Ecumenical Temple.
  6270 | Temple   | Entered the Ecumenical Temple
  6404 | Temple   | Became a worshipper of Warmaster Okawaru
  7094 | D:6      | Reached skill level 8 in Maces & Flails
  7387 | D:7      | Reached * piety under Okawaru
  7402 | D:7      | Noticed Joseph
  7420 | D:7      | Paralysed by Joseph for 5 turns
  7428 | D:7      | Paralysed by Joseph for 3 turns
  7446 | D:7      | HP: 2/57 [Joseph/+2 heavy quarterstaff (4)]
  7455 | D:7      | Killed Joseph
  7772 | D:7      | Noticed Maggie
  7788 | D:7      | Killed Maggie
  7850 | D:7      | Reached skill level 9 in Maces & Flails
  7850 | D:7      | Reached XP level 10. HP: 52/63 MP: 10/10
  7988 | D:7      | Found Kezemix's Assorted Antiques.
  8223 | D:7      | Found a sparkling altar of Nemelex Xobeh.
  8273 | D:7      | Reached ** piety under Okawaru
  8299 | D:7      | Found an ornate altar of the Wu Jian Council.
  8690 | D:7      | Gained mutation: You sometimes lose your temper in combat.
                  | [potion of mutation]
  8832 | D:8      | Noticed a two-headed ogre
  8839 | D:8      | Killed a two-headed ogre
  8979 | D:8      | Noticed Psyche
  8986 | D:8      | Killed Psyche
  8987 | D:8      | Reached skill level 10 in Maces & Flails
  9783 | D:8      | Found a blossoming altar of Fedhas.
  9905 | D:9      | Found a staircase to the Orcish Mines.
  9971 | D:9      | Found a flagged portal.
 10007 | Bailey   | Entered a bailey
 10118 | Bailey   | Reached *** piety under Okawaru
 10119 | Bailey   | Reached skill level 1 in Invocations
 10244 | Bailey   | Found a large runed translucent door.
 10244 | Bailey   | Found a large runed translucent door.
 10245 | Bailey   | Noticed an orc knight
 10245 | Bailey   | Noticed a deep elf pyromancer
 10282 | Bailey   | Killed an orc knight
 10653 | Bailey   | Killed a deep elf pyromancer
 10654 | Bailey   | Reached XP level 11. HP: 69/69 MP: 9/12
 10667 | Bailey   | Identified the +0 robe of the Meadowlark {rN+ Str+2 Int+2}
 10826 | D:9      | Identified the +1 ring mail of Context {Slay+2}
 10836 | D:9      | Reached **** piety under Okawaru
 10851 | D:9      | Noticed a skeletal warrior
 10887 | D:9      | Killed a skeletal warrior
 10888 | D:9      | Reached skill level 11 in Maces & Flails
 11112 | D:9      | Identified the +4 flail of Fedhas's Favour {heavy, Will+}
 11564 | D:9      | Noticed Pikel
 11573 | D:9      | Killed Pikel
 11720 | D:9      | Noticed a boulder beetle
 11726 | D:9      | Killed a boulder beetle
 12088 | D:10     | Entered Level 10 of the Dungeon
 12102 | D:10     | Noticed a soul eater
 12115 | D:10     | Gained mutation: You are dopey. (Int -2) [a neqoxec]
 12119 | D:10     | Noticed a sun demon
 12326 | D:10     | Found a staircase to the Lair.
 12561 | D:10     | Reached ***** piety under Okawaru
 12648 | Lair:1   | Entered Level 1 of the Lair of Beasts
 12648 | Lair:1   | Noticed a boulder beetle
 12699 | Lair:1   | Reached XP level 12. HP: 68/77 MP: 15/15
 12706 | Lair:1   | Reached skill level 12 in Maces & Flails
 12709 | Lair:1   | Killed a boulder beetle
 12739 | Lair:1   | Identified the +8 falchion "Grim" {vamp, rC- rN++ Will+++
                  | rCorr}
 12788 | Lair:1   | Reached skill level 5 in Invocations
 12962 | Lair:1   | Noticed Harold
 12977 | Lair:1   | Killed Harold
 12978 | Lair:1   | Reached skill level 10 in Fighting
 12987 | Lair:1   | Reached skill level 10 in Armour
 13000 | Lair:1   | Reached skill level 10 in Shields
 13101 | Lair:1   | Identified the ring "Wusao" {Fire rElec Dex-3 Slay+5
                  | Stlth+}
 13160 | Lair:1   | Lost mutation: You are dopey. (Int -2) [potion of mutation]
 13160 | Lair:1   | Lost mutation: You sometimes lose your temper in combat.
                  | [potion of mutation]
 13160 | Lair:1   | Gained mutation: Your muscles are strong. (Str +4, Int/Dex
                  | -1) [potion of mutation]
 14033 | Lair:2   | Reached ****** piety under Okawaru
 14033 | Lair:2   | Received a gift from Okawaru
 14038 | Lair:2   | Reached skill level 13 in Maces & Flails
 14359 | Lair:3   | Noticed an eight-headed hydra
 14368 | Lair:3   | Killed an eight-headed hydra
 14648 | Lair:3   | Identified the +10 lajatang "Vuemauffusk" {drain, rElec rN+
                  | Str+3 Stlth+}
 14746 | Lair:3   | Found a staircase to the Shoals.
 14834 | Lair:3   | Reached XP level 13. HP: 37/83 MP: 17/17
 14984 | Lair:3   | Identified the +1 buckler of Fiezuk {Will+} (Okawaru gifted
                  | it to you on level 3 of the Lair of Beasts)
 14984 | Lair:3   | Received a gift from Okawaru
 15951 | Lair:3   | Found a staircase to the Snake Pit.
 16586 | Lair:4   | Noticed Snorg
 16599 | Lair:4   | Killed Snorg
 16612 | Lair:4   | Reached skill level 14 in Maces & Flails
 16875 | Lair:4   | Found a staircase to the Slime Pits.
 17724 | Lair:5   | Entered Level 5 of the Lair of Beasts
 17867 | Lair:5   | Gained mutation: Your large and strong wings let you fly.
                  | [Gargoyle growth]
 17867 | Lair:5   | Reached XP level 14. HP: 58/91 MP: 20/20
 18084 | Lair:5   | Identified the +0 hat "Rerebiho" {rF++ rN+} (Okawaru gifted
                  | it to you on level 5 of the Lair of Beasts)
 18084 | Lair:5   | Received a gift from Okawaru
 18283 | Lair:5   | Found a hide-covered altar of Uskayaw.
 18416 | Lair:5   | Reached skill level 15 in Maces & Flails
 19752 | Lair:5   | Identified the +3 ring mail of Truth {rPois Regen+ Int+3
                  | SInv}
 19846 | Lair:5   | Identified a scroll of acquirement
 19846 | Lair:5   | Acquired the amulet "Hoippirch" {Reflect Contam Str+3 Dex+2
                  | SH+5}
 20072 | D:11     | Noticed Maurice
 20121 | D:11     | Killed Maurice
 21024 | D:12     | Received a gift from Okawaru
 21141 | D:12     | Noticed Rupert
 21144 | D:12     | Paralysed by Rupert for 5 turns
 21160 | D:12     | Killed Rupert
 21160 | D:12     | Identified the +2 pair of gloves "Ceck" {rPois rF- rN++}
                  | (Okawaru gifted it to you on level 12 of the Dungeon)
 21160 | D:12     | Received a gift from Okawaru
 21161 | D:12     | Reached XP level 15. HP: 55/97 MP: 21/21
 21358 | D:12     | Reached skill level 16 in Maces & Flails
 22027 | D:13     | Found a frozen archway.
 22057 | IceCv    | Entered an ice cave
 22074 | IceCv    | Found a transporter.
 22095 | IceCv    | Found a transporter.
 22377 | D:13     | You are sucked into a shaft and drop 2 floors!
 22377 | D:15     | Entered Level 15 of the Dungeon
 23228 | D:13     | Found a gate to the Vaults.
 24419 | D:15     | Identified the +2 pair of gloves of Hide-and-Seek {SInv}
 25016 | D:15     | Reached skill level 17 in Maces & Flails
 25016 | D:15     | Paralysed by an ogre mage for 3 turns
 25220 | D:15     | Found Avefef's Magic Scroll Boutique.
 25228 | D:15     | Bought a scroll of enchant armour for 90 gold pieces
 25228 | D:15     | Bought a scroll of magic mapping for 90 gold pieces
 25228 | D:15     | Bought a scroll of magic mapping for 90 gold pieces
 25721 | D:15     | Identified the +0 ring mail of the Realm of Zot {Will+}
                  | (Okawaru gifted it to you on level 15 of the Dungeon)
 25721 | D:15     | Received a gift from Okawaru
 26446 | D:15     | Reached XP level 16. HP: 105/105 MP: 22/22
 26646 | D:15     | Found a staircase to the Depths.
 26964 | Orc:1    | Entered Level 1 of the Orcish Mines
 27034 | Orc:2    | Entered Level 2 of the Orcish Mines
 27126 | Orc:2    | Found Otiruq's Antique Armour Shop.
 27126 | Orc:2    | Found Joloneunt's Weapon Shop.
 27126 | Orc:2    | Found Caamaegod's General Store.
 27442 | Orc:2    | Found a staircase to the Elven Halls.
 28053 | Orc:2    | Found Haqack's General Store.
 28060 | Orc:2    | Bought a bloodstained cloak for 294 gold pieces
 28060 | Orc:2    | Identified the +0 cloak "Xeinnuli" {-Tele Rampage rF+
                  | Dex+3} (You bought it in a shop on level 2 of the Orcish
                  | Mines)
 28063 | Orc:2    | Bought a scroll of silence for 114 gold pieces
 28063 | Orc:2    | Bought a potion of curing for 36 gold pieces
 28063 | Orc:2    | Bought a potion of might for 48 gold pieces
 28063 | Orc:2    | Bought a potion of heal wounds for 60 gold pieces
 28292 | Elf:1    | Entered Level 1 of the Elven Halls
 28399 | Elf:1    | Found Xepraeghan's Weapon Boutique.
 28475 | Elf:1    | Found a shimmering blue altar of Sif Muna.
 28532 | Elf:1    | You are sucked into a shaft and drop 1 floor!
 28601 | Elf:1    | Reached skill level 18 in Maces & Flails
 28817 | Elf:1    | Paralysed by an air elemental for 1 turns
 28829 | Elf:1    | Noticed an Executioner
 29195 | Elf:2    | Found a hide-covered altar of Uskayaw.
 29382 | Elf:2    | Found Warghyr's Jewellery Emporium.
 29384 | Elf:2    | Found Fomeus's Armour Emporium.
 29384 | Elf:2    | Found Qopte's Antique Armour Shoppe.
 29391 | Elf:2    | Found Hunup's Antique Weapon Shoppe.
 29425 | Elf:2    | Bought a pair of runed boots for 307 gold pieces
 29971 | Elf:2    | Identified the +11 war axe of Cheibriados, Shouting {spect,
                  | Dex+4}
 29997 | Elf:2    | Reached XP level 17. HP: 110/112 MP: 23/23
 30099 | Elf:2    | Received a gift from Okawaru
 30152 | Elf:2    | Found a runed translucent gate.
 30152 | Elf:2    | Found a runed translucent gate.
 30152 | Elf:2    | Found a runed translucent gate.
 30635 | Elf:2    | Reached skill level 15 in Fighting
 30969 | Elf:2    | Reached skill level 15 in Armour
 31105 | Elf:2    | Reached skill level 15 in Shields
 31293 | Elf:2    | Reached skill level 19 in Maces & Flails
 32055 | Elf:3    | Entered Level 3 of the Elven Halls
 33139 | Elf:3    | Identified the +6 morningstar "Reefur" {holy, rElec Str+3
                  | Stlth+}
 33141 | Elf:3    | Identified the +7 halberd "Dipopp" {flame, SInv}
 33144 | Elf:3    | Noticed a deep elf blademaster
 33147 | Elf:3    | Noticed a deep elf blademaster
 33158 | Elf:3    | Killed a deep elf blademaster
 33158 | Elf:3    | Noticed a deep elf master archer
 33163 | Elf:3    | Noticed a Tzitzimitl
 33168 | Elf:3    | Killed a deep elf blademaster
 33174 | Elf:3    | Identified the +9 long sword of Weclagom {speed, rCorr}
 33174 | Elf:3    | Noticed a Tzitzimitl
 33181 | Elf:3    | Identified the +9 short sword of Resourcefulness {vamp,
                  | rC+}
 33181 | Elf:3    | Identified the amulet of Terra Nullius {Faith rElec rN+
                  | Int-2}
 33189 | Elf:3    | Noticed an Executioner
 33195 | Elf:3    | Noticed a deep elf master archer
 33196 | Elf:3    | Noticed a Hell Sentinel
 33196 | Elf:3    | Noticed a Brimstone Fiend
 33197 | Elf:3    | Killed a deep elf master archer
 33199 | Elf:3    | Killed a ghostly deep elf master archer
 33228 | Elf:3    | Killed a deep elf master archer
 33229 | Elf:3    | Noticed a Hell Sentinel
 33246 | Elf:3    | Noticed an Executioner
 33257 | Elf:3    | Noticed a Tzitzimitl
 33258 | Elf:3    | Noticed an Executioner
 33263 | Elf:3    | HP: 5/114 [Executioner[a deep elf demonologist] (6)]
 33263 | Elf:3    | Killed from afar by a smoke demon

Illustrated notes

Levels and vault maps discovered:
D:1:      minmay_arrival_four_loops, layout_loops_ring,
          hellmonk_ecumenical_altar_leap_of_faith
D:2:      layout_basic, chequers_serial_rivers_room_a, minmay_puff
D:3:      layout_basic, minivault_24, eino_tiny_chamber, uniq_jessica
D:4:      layout_layer_cave, ebering_ghost_disaster_area, serial_shops, shop,
          st_stairs_2, nicolae_kite_square_tiling_tiny, chequers_garden,
          kennysheep_generic_room_2
D:5:      layout_loops_corners, gammafunk_ghost_abyssal_escape, uniq_eustachio
D:6:      layout_basic, minmay_temple_entry_arrows, minmay_misc_feat_square,
          minmay_misc_feat_rows, minmay_ogre_servants
D:7:      layout_loops_ring, nemelex_dance_club_becter,
          mainiacjoe_overflow_alcove_4, serial_shops, nicolae_shop_waterfront,
          uniq_joseph, uniq_maggie
D:8:      layout_cave_pods, kennysheep_mini_moat,
          hangedman_abyss_or_decor_slice, nicolae_straight_to_the_point,
          uniq_psyche
D:9:      minmay_imperfect_grid, layout_long_grid, enter_bailey_4,
          nzn_sisyphean_effort, uniq_pikel
D:10:     layout_rooms, lair_entry_dummy, dreamdust_mushroom_princess
D:11:     layout_layer_cave, uniq_maurice
D:12:     layout_loops_ring, uniq_rupert
D:13:     minmay_goldmine, layout_loops_corners, erik_vaults_1,
          portal_ice_cave_entry_pillars_2
D:14:     layout_roguey, minivault_14
D:15:     gammafunk_enter_depths_forms, layout_layer_cave, serial_shops,
          nicolae_shop_temple_entry_statues_fountains, feat_on_display
Temple:   nicolae_temple_bog_church
Lair:1:   layout_gridlike, uniq_harold
Lair:2:   layout_hall_layers, infiniplex_staircase_pool_2
Lair:3:   layout_loops_ring, elwin_shoals_entry_stream,
          guppyfry_snake_entry_garden, small_statue_intersection, minivault_24
Lair:4:   wad_woods_minihive, layout_long_grid, slime_entry_1, st_stairs_8,
          evilmike_ambush [evilmike_ambush_outer_corners,
          evilmike_ambush_inner_basic], infiniplex_staircase_pool, uniq_snorg
Lair:5:   evilmike_catoblepas_cave, layout_gridlike, basic_altar, dpeg_oklob_1
Orc:1:    layout_caves, uniq_urug
Orc:2:    st_orc_mages, layout_diamond_mine, special_room
Elf:1:    elf_arrival_001, layout_rooms, basic_altar, serial_shops,
          nicolae_shop_bloodbath_and_beyond, hangedman_elf_represent,
          grunt_ministairs_14
Elf:2:    nicolae_elf_blades_splatter_lattice [nicolae_blade_little_rooms],
          layout_gridlike, nicolae_elf_altarnating, lemuel_upstairs_altar,
          minmay_shoptagon
Elf:3:    elf_hall, layout_loops_ring

Skill      XL: |  1  2  3  4  5  6  7  8  9 10 11 12 13 14 15 16 17 |
---------------+----------------------------------------------------+-----
Maces & Flails | 3 4 5 7 9 10 11 13 14 15 17 18 19 | 19.6
Armour         | 4 5 6 7 8 9 10 11 12 13 14 15 | 15.6
Fighting       | 4 5 6 7 8 9 10 11 12 13 14 15 | 15.6
Shields        | 4 5 6 7 8 9 10 11 12 13 14 15 | 15.5
Invocations    | 2 4 6 8 9 |  9.0

Action                     |  1- 3 |  4- 6 |  7- 9 | 10-12 | 13-15 | 16-18 || total
---------------------------+-------+-------+-------+-------+-------+-------++-------
  Melee: Flail             |   120 |   141 |   391 |   648 |   911 |   597 ||  2808
         Unarmed           |       |     3 |       |       |       |       ||     3
         Morningstar       |       |       |       |    52 |       |    49 ||   101
 Invoke: Heroism           |       |       |     2 |    11 |    21 |    15 ||    49
         Finesse           |       |       |       |       |     5 |     6 ||    11
    Use: Scroll            |     6 |     4 |     7 |    15 |     7 |     8 ||    47
         Potion            |       |     2 |     6 |    14 |     1 |     5 ||    28
   Stab: Confused          |       |       |     1 |       |       |       ||     1
 Armour: Scale mail        |    66 |       |       |       |       |       ||    66
         Crystal plate arm |    43 |   105 |   428 |   674 |   895 |   408 ||  2553
  Dodge: Dodged            |    38 |    32 |   114 |   226 |   289 |   110 ||   809
  Block: Buckler           |    23 |    32 |   100 |       |       |       ||   155
         Kite shield       |       |       |     8 |   483 |   791 |   494 ||  1776
         Reflection        |       |       |       |       |    30 |    42 ||    72

Table legend: (Time is in decaauts)
 A = Elapsed time spent in this place.
 B = Non-inter-level travel time spent in this place.
 C = Inter-level travel time spent in this place.
 D = Time resting spent in this place.
 E = Time spent auto-exploring this place.
 F = Levels seen in this place.
 G = Mean time per level.
                   A        B        C        D        E       F      G
               +--------+--------+--------+--------+--------+-----+--------+
         Total |  33568 |  32305 |   1263 |   7692 |  18721 |  28 | 1198.9 |
       Dungeon |  18811 |  17998 |    813 |   3143 |  11790 |  15 | 1254.1 |
        Temple |    147 |    111 |     36 |      0 |     96 |   1 |  147.0 |
          Lair |   7351 |   7123 |    228 |   2333 |   3514 |   5 | 1470.2 |
  Orcish Mines |   1337 |   1281 |     56 |    265 |    744 |   2 |  668.5 |
   Elven Halls |   4930 |   4802 |    128 |   1470 |   2375 |   3 | 1643.3 |
        Bailey |    711 |    711 |      0 |    325 |    162 |   1 |  711.0 |
      Ice Cave |    278 |    278 |      0 |    155 |     40 |   1 |  278.0 |
               +--------+--------+--------+--------+--------+-----+--------+

Top non-repeatable levels by time:
   Elf:2: 2888 daAuts
  Lair:3: 2224 daAuts
    D:15: 2168 daAuts
  Lair:5: 2155 daAuts
     D:5: 1831 daAuts
     D:9: 1557 daAuts
     D:7: 1405 daAuts
     D:4: 1401 daAuts
     D:2: 1322 daAuts
    D:14: 1320 daAuts
     D:8: 1210 daAuts
  Lair:4: 1208 daAuts
     D:6: 1166 daAuts
   Elf:3: 1161 daAuts
   Orc:2: 1143 daAuts
